 Dungeon Crawl Stone Soup version 0.28.0-45-g0d030f2227 (webtiles) character file.

Game seed: 9871954895233218042

55 pkoi the Conjurer (level 3, -8/26 HPs)
             Began as a Demigod Conjurer on Apr 20, 2022.
             Mangled by Crazy Yiuf
             ... wielding a +2 quarterstaff of chaos
              (12 damage)
             ... on level 2 of the Dungeon.
             The game lasted 00:01:47 (1843 turns).

pkoi the Conjurer (Demigod Conjurer)                Turns: 1843, Time: 00:01:48

Health: -8/26      AC:  2    Str:  8    XL:     3   Next: 45%
Magic:  4/8        EV: 12    Int: 24    God:
Gold:   89         SH:  0    Dex: 15    Spells: 0/5 levels left

rFire   . . .      SeeInvis +   g - +5 dagger of the Howling One {flame, *Rage rC++ Dex+3 SInv}
rCold   + + .      Faith    .   (no shield)
rNeg    . . .      Spirit   .   a - +0 robe
rPois   .          Reflect  .   (no helmet)
rElec   .          Harm     .   (no cloak)
rCorr   .          Rampage  .   (no gloves)
Will    .....      Rage     20% (no boots)
Stlth   ++........              (no amulet)
HPRegen 0.08/turn               (no ring)
MPRegen 0.11/turn               (no ring)

@: no status effects
A: high MP 1, forlorn, divine attributes
a: no special abilities


You were on level 2 of the Dungeon.
You visited 1 branch of the dungeon, and saw 2 of its levels.

You collected 89 gold pieces.

Inventory:

Hand Weapons
 e - a +0 long sword
 g - the +5 dagger of the Howling One (weapon) {flame, *Rage rC++ Dex+3 SInv}
   (You found it on level 2 of the Dungeon)

   It burns those it strikes, dealing additional fire damage.
   Dex:       It affects your dexterity (+3).
   rC:        It greatly protects you from cold.
   SInv:      It lets you see invisible.
   *Rage:     It berserks you when you make melee attacks (+20% chance).
Armour
 a - a +0 robe (worn)
Jewellery
 h - a ring of fire
Scrolls
 b - 3 scrolls of identify {unknown}
 i - a scroll of immolation {unknown}
Potions
 c - a potion of might {unknown}
 d - 2 potions of curing {unknown}
 f - a potion of haste {unknown}


   Skills:
 - Level 1.7 Dodging
 - Level 1.7 Stealth
 + Level 1.8 Spellcasting
 * Level 4.7 Conjurations
 + Level 0.3 Air Magic
 + Level 0.4 Poison Magic


You couldn't memorise any spells.
You knew the following spells:

 Your Spells              Type           Power      Damage    Failure   Level
a - Magic Dart            Conj           100%       1d8       1%          1
b - Searing Ray           Conj           50%        2d6       2%          2
c - Poisonous Vapours     Pois/Air       6%         N/A       16%         2

Your spell library contained the following spells:

 Spells                   Type           Power      Damage    Failure   Level
 Shock                    Conj/Air       56%        1d6       4%          1
 Sting                    Tmut/Pois      12%        1d3       12%         1
 Dazzling Flash           Conj/Hex       26%        N/A       14%         3
 Swiftness                Air            3%         N/A       32%         3
 Fulminant Prism          Conj/Hex       6%         3d7       41%         4
 Iskenderun's Mystic Bla  Conj/Tloc      13%        2d5       41%         4
 Airstrike                Air            1%         N/A       71%         4
 Olgreb's Toxic Radiance  Pois           4%         N/A       71%         4


Dungeon Overview and Level Annotations

Branches:
Dungeon (2/15)

Annotations:
D:2 Crazy Yiuf


Innate Abilities, Weirdness & Mutations

You have an increased reservoir of magic. (+10% MP)
You shall have no god before yourself.
Your divine heritage dramatically boosts your attributes as you level up.


Message History

Found a scale mail.
You now have 89 gold pieces (gained 13).
Found an escape hatch in the ceiling.
You see here a +0 whip.
Found a runed dagger.
Found a stone staircase leading up.
A frilled lizard comes into view.
A frilled lizard is nearby!
The magic dart hits the frilled lizard.
You kill the frilled lizard!
You can't see any susceptible monsters within range! (Use Z to cast anyway.)
You see here a +1 dagger of distortion.
Magic restored.
You see here 17 sling bullets.
You see here an adder skeleton.
Key pressed, stopping explore.
Found a mace.
Found a runed translucent door.
Crazy Yiuf shouts!
Could not explore, unopened runed door.
You open the door.
Casting: Magic Dart (safe; 1% risk of failure)
Confirm with . or Enter, or press ? or * to list all spells.
Aiming: Searing Ray (safe; 2% risk of failure)
Press: ? - help, Shift-Dir - straight line, f - Crazy Yiuf
Aim: Crazy Yiuf, wielding a +2 quarterstaff of chaos and wearing a +0 cloak (82% to hit)
The searing ray hits Crazy Yiuf!
Crazy Yiuf is moderately wounded. (Press . to maintain the ray.) Crazy Yiuf hits you with a +2 quarterstaff of chaos.
* * * LOW HITPOINT WARNING * * *
Crazy Yiuf burns you.
* * * LOW HITPOINT WARNING * * *
The searing ray misses Crazy Yiuf.
Crazy Yiuf hits you with a +2 quarterstaff of chaos!
Ouch! That really hurt!
* * * LOW HITPOINT WARNING * * *
The searing ray hits Crazy Yiuf!
Crazy Yiuf is severely wounded.
Crazy Yiuf hits you with a +2 quarterstaff of chaos!
You die...

#########
........# ####
######.## #..#
#### #..##♣♣ ###
##.# #...
##....♣♣ ♣♣#..)#
#.####...
#......♣♣♣♣@g...#
##....†...
#.......♣..♣#...#
#.........
####......♣.♣♣♣
### #.........
###.....##♣♣♣♣♣
#.#####...
....###.# #.#
#... ##### #.#
### #### #^# ####
#.# #.# #..# #.#
#.# #.# #..# #.#
#.# #.# #..## #.#


You could see Crazy Yiuf.

Vanquished Creatures
  2 adders (D:2)
  A dart slug (D:2)
  A giant cockroach (D:1)
  2 goblins (D:1)
  5 hobgoblins
  7 jackals (D:2)
  A quokka (D:2)
  5 bats
  3 frilled lizards
  4 kobolds
  3 rats
34 creatures vanquished.

Notes
Turn   | Place    | Note
-------+----------+-------------------------------------------
     0 | D:1      | pkoi the Demigod Conjurer began the quest for the Orb.
     0 | D:1      | Reached XP level 1. HP: 14/14 MP: 5/5
   215 | D:1      | Reached skill level 4 in Conjurations
   325 | D:1      | Reached XP level 2. HP: 20/20 MP: 5/7
   759 | D:2      | Identified the +5 dagger of the Howling One {flame, *Rage
                  | rC++ Dex+3 SInv}
  1080 | D:2      | Reached XP level 3. HP: 17/26 MP: 3/8
  1193 | D:2      | Learned a level 2 spell: Searing Ray
  1196 | D:2      | Learned a level 2 spell: Poisonous Vapours
  1836 | D:2      | Found a runed translucent door.
  1837 | D:2      | Noticed Crazy Yiuf
  1843 | D:2      | Mangled by Crazy Yiuf

Illustrated notes

Levels and vault maps discovered:
D:1:      lordsloth_arrival_two_stooges, layout_rooms,
          shapermc_ecumenical_altar_acropolis
D:2:      layout_loops_ring, uniq_crazy_yiuf_cottage

Skill      XL: |  1 |
---------------+----+-----
Conjurations   | 4 |  4.7
Dodging        | |  1.7
Stealth        | |  1.7
Spellcasting   | |  1.8
Air Magic      | |  0.3
Poison Magic   | |  0.4

Action                   || total
-------------------------++-------
Melee: Long sword        ||     2
       Dagger            ||     5
 Cast: Magic Dart        ||    60
       Searing Ray       ||     1
Armor: Robe              ||     2
Dodge: Dodged            ||    10
